 Dungeon Crawl Stone Soup version 0.25.1-2-g60ff931df9 (webtiles) character file.

Game seed: 2626598644561586434

107 Martska the Poker (level 4, -14/42 HPs)
             Began as a Naga Warper on Oct 10, 2020.
             Killed from afar by Ijyb (25 damage)
             ... with a bolt of acid
             ... on level 3 of the Dungeon.
             The game lasted 00:07:47 (3618 turns).

Martska the Poker (Naga Warper)                     Turns: 3618, Time: 00:07:48

Health: -14/42     AC:  3    Str: 14    XL:     4   Next: 85%
Magic:  7/7        EV: 10    Int: 14    God:
Gold:   104        SH:  0    Dex: 10    Spells: 5/7 levels left

rFire    . . .     SeeInvis +   a - +0 spear
rCold    . . .     Gourm    .   (no shield)
rNeg     . . .     Faith    .   b - +0 leather armour
rPois    +         Spirit   .   (no helmet)
rElec    .         Reflect  .   (no cloak)
rCorr    .         Harm     .   (no gloves)
MR       .....                  (no barding)
Stlth    +.........             (no amulet)
HPRegen  0.14/turn              (no ring)
MPRegen  0.10/turn              (no ring)

@: very slow
A: large, see invisible, deformed body, poison resistance, slowness 2, slow
metabolism 1, spit poison 1, AC +1
a: Spit Poison


You were on level 3 of the Dungeon.
You were hungry.

You visited 1 branch of the dungeon, and saw 3 of its levels.

You collected 104 gold pieces.

Inventory:

Hand Weapons
 a - a +0 spear (weapon)
Missiles
 e - 5 boomerangs of dispersal (quivered)
Armour
 b - a +0 leather armour (worn)
Scrolls
 c - 2 scrolls of remove curse {unknown}
 d - a scroll of blinking
 g - a scroll of teleportation
 i - 3 scrolls of identify
 j - 2 scrolls of magic mapping {unknown}
 l - a scroll of fear {unknown}
 q - a scroll of immolation {unknown}
Potions
 h - a potion of invisibility {unknown}
 k - a potion of magic {unknown}
 m - a potion of heal wounds {unknown}
 n - a potion of berserk rage {unknown}
 p - a potion of resistance {unknown}
Comestibles
 f - 2 rations


   Skills:
 * Level 3.1 Fighting
 * Level 3.1 Polearms
 - Level 0.8 Throwing
 + Level 1.3 Armour
 * Level 2.4 Dodging
 - Level 2.0 Spellcasting
 - Level 3.0 Translocations


You had 5 spell levels left.
You knew the following spells:

 Your Spells              Type           Power        Failure   Level  Hunger
a - Blink                 Tloc           N/A          13%         2    ###....

Your spell library contained the following spells:

 Spells                   Type           Power        Failure   Level  Hunger
 Shroud of Golubria       Chrm/Tloc      #.....       24%         2    ###....
 Gell's Gravitas          Tloc           #.........   26%         3    ####...
 Lesser Beckoning         Tloc           #.........   26%         3    ####...
 Teleport Other           Tloc           #.......     26%         3    ####...
 Passage of Golubria      Tloc           N/A          63%         4    #####..


Dungeon Overview and Level Annotations

Branches:
Dungeon (3/15)

Altars:
Gozag

Annotations:
D:3 Ijyb, Jessica


Innate Abilities, Weirdness & Mutations

You cannot wear boots.
Your serpentine skin is tough. (AC +1)
You have supernaturally acute eyesight. (SInv)
Armour fits poorly on your strangely shaped body.
Your system is resistant to poisons. (rPois)
You cover ground very slowly.
You have a slow metabolism.
You can spit poison.


Message History

Press: ? - help, Dir - move target cursor, f/p - Ijyb
Aim: Ijyb, wielding a +0 long sword, wearing a +0 leather armour and carrying a wand of acid (7) (severely wounded)
You closely miss Ijyb.
Ijyb is severely wounded.
Ijyb zaps a wand.
The bolt of acid hits you!
You are splashed with acid!
* * * LOW HITPOINT WARNING * * *
Attack whom?
Press: ? - help, Dir - move target cursor, f/p - Ijyb
Aim: Ijyb, wielding a +0 long sword, wearing a +0 leather armour and carrying a wand of acid (6) (severely wounded)
You closely miss Ijyb.
Ijyb is severely wounded.
Ijyb hits you but does no damage.
Attack whom?
Press: ? - help, Dir - move target cursor, f/p - Ijyb
Aim: Ijyb, wielding a +0 long sword, wearing a +0 leather armour and carrying a wand of acid (6) (heavily wounded)
You barely miss Ijyb.
Ijyb is heavily wounded.
Ijyb zaps a wand.
The bolt of acid hits you!!
Ouch! That really hurt!
You die...

.#.#.##..#
.#.#.....# .#
#######.##########.#
#.#.......)..#
#....†.......###
######..###.... #..#
..# #..###..#
#....@g)# #######.#
#


You could see Ijyb.

Vanquished Creatures
  3 adders (D:2)
  2 oozes
  A worm (D:2)
  A dart slug (D:1)
  5 leopard geckos
  4 orcs (D:3)
  A giant cockroach (D:3)
  9 goblins
  7 hobgoblins
  A quokka (D:3)
  A ball python (D:2)
  5 bats
  5 frilled lizards
  4 kobolds
  7 rats
56 creatures vanquished.

Notes
Turn   | Place    | Note
-------+----------+-------------------------------------------
     0 | D:1      | Martska the Naga Warper began the quest for the Orb.
     0 | D:1      | Reached XP level 1. HP: 19/19 MP: 3/3
   291 | D:1      | Reached XP level 2. HP: 24/26 MP: 5/5
   374 | D:1      | Reached skill level 1 in Armour
   379 | D:1      | Learned a level 2 spell: Blink
  1228 | D:1      | Reached XP level 3. HP: 22/33 MP: 6/6
  1567 | D:2      | Found an opulent altar of Gozag.
  2077 | D:2      | You fall into a shaft and drop 1 floor!
  2113 | D:3      | Reached XP level 4. HP: 33/40 MP: 7/7
  2142 | D:3      | Noticed Jessica
  3600 | D:3      | Noticed Ijyb
  3618 | D:3      | Killed from afar by Ijyb

Illustrated notes

Levels and vault maps discovered:
D:1:      dpeg_arrival_fog, layout_basic
D:2:      layout_basic, grunt_gozag_statues
D:3:      kennysheep_the_goblin_king, layout_basic, first_ration, uniq_jessica,
          uniq_terence

Skill      XL: |  1  2  3  4 |
---------------+-------------+-----
Armour         | 1 |  1.3
Dodging        | 2 |  2.4
Polearms       | 3 |  3.1
Fighting       | 3 |  3.1
Throwing       | |  0.8
Spellcasting   | |  2.0
Translocations | |  3.0

Action                   |  1- 3 |  4- 6 || total
-------------------------+-------+-------++-------
Melee: Spear             |   130 |    98 ||   228
 Abil: Spit Poison       |     8 |     8 ||    16
  Use: Scroll            |       |     2 ||     2
  Eat: Chunk             |     3 |       ||     3
       Ration            |       |     1 ||     1
Armor: Leather armour    |    20 |    16 ||    36
Dodge: Dodged            |    58 |    33 ||    91
